 Dungeon Crawl Stone Soup version 0.22-a0-601-gb0ed703 (webtiles) character file.

11095 galech the Fighter (level 11, -3/117 HPs)
             Began as an Ogre Berserker on July 6, 2018.
             Was a High Priest of Trog.
             Slain by a death yak simulacrum (17 damage)
             ... in an ice cave.
             The game lasted 00:21:42 (13224 turns).

galech the Fighter (Ogre Berserker)                Turns: 13224, Time: 00:21:43

Health: -3/117     AC:  4    Str: 23    XL:     11   Next: 72%
Magic:  11/11      EV: 11    Int:  8    God:    Trog [*****.]
Gold:   768        SH: 16    Dex: 11    Spells: 10/10 levels left

rFire    . . .     SeeInvis .   D - +9 rapier of a bazaar {drain, rElec rN+}
rCold    + . .     Gourm    .   r - +0 large shield
rNeg     + . .     Faith    .   s - +1 animal skin
rPois    .         Spirit   .   (helmet restricted)
rElec    +         Reflect  .   (no cloak)
rCorr    .         Harm     .   (gloves unavailable)
MR       ++++.                  (boots unavailable)
Stlth    ++........             (no amulet)
HPRegen  1.29/turn              k - ring of protection from magic
MPRegen  0.12/turn              b - ring of protection from cold

@: berserk cooldown, regenerating, slowed, very slow
A: large, unfitting armour, tough skin 1
a: Berserk, Trog's Hand, Brothers in Arms, Renounce Religion


You were in an ice cave.
You worshipped Trog.
Trog was extremely pleased with you.
You were hungry.

You visited 2 branches of the dungeon, and saw 12 of its levels.
You also visited: Ice Cave.

You collected 768 gold pieces.

Inventory:

Hand Weapons
 D - the +9 rapier of a bazaar (weapon) {drain, rElec rN+}
   (You found it on level 7 of the Dungeon)

   A truly terrible weapon, it drains the life of those it strikes.
   It insulates you from electricity.
   It protects you from negative energy.
 L - a +5 morningstar of holy wrath
Armour
 r - a +0 large shield (worn)
 s - a +1 animal skin (worn)
Jewellery
 b - a ring of protection from cold (right hand)
 k - a ring of protection from magic (left hand)
 u - an uncursed ring of fire
 N - a +3 ring of intelligence
Wands
 m - a wand of enslavement (11)
 t - a wand of flame (35)
 A - a wand of polymorph (7)
 J - a wand of paralysis (9)
Scrolls
 e - 3 scrolls of amnesia
 f - 7 scrolls of teleportation
 g - 4 scrolls of fog
 i - 9 scrolls of remove curse
 l - 3 scrolls of magic mapping
 p - a scroll of fear
 q - 2 scrolls of random uselessness
 v - 2 scrolls of enchant weapon
 w - 3 scrolls of enchant armour {unknown}
 x - a scroll of immolation {unknown}
 y - 2 scrolls of blinking
 I - a scroll of noise {unknown}
 K - a scroll of torment {unknown}
 M - a scroll of identify
Potions
 a - 2 potions of heal wounds {unknown}
 d - 2 potions of haste {unknown}
 h - 4 potions of curing
 j - 2 potions of mutation {unknown}
 n - a potion of flight {unknown}
 z - a potion of magic {unknown}
 B - a potion of ambrosia {unknown}
 C - a potion of brilliance {unknown}
 E - 2 potions of agility
 F - a potion of lignification {unknown}
 G - a potion of berserk rage {unknown}
 H - 2 potions of degeneration {unknown}
Comestibles
 c - 21 rations
 o - 12 chunks of flesh


   Skills:
 + Level 9.8 Fighting
 + Level 7.0 Short Blades
 + Level 7.8 Maces & Flails
 + Level 8.0 Dodging
 + Level 3.6 Stealth
 + Level 8.0 Shields


You had 10 spell levels left.
You didn't know any spells.
Your spell library was empty.

Dungeon Overview and Level Annotations

Branches:
Dungeon (11/15)            Temple (0/1) D:4            Lair (0/6) D:8
    Orc (1/2) D:11

Altars:
Okawaru
Ru
Sif Muna
Uskayaw
Yredelemnul

Portals:
Trove: D:11 (give 8 potions of agility)


Innate Abilities, Weirdness & Mutations

You are too large for most types of armour.
You have tough skin. (AC +1)


Message History

The wolf simulacrum bites you. The wolf simulacrum freezes you. You resist.
You impale the wolf simulacrum!!
The wolf simulacrum vapourises!
Trog accepts your kill.
You block the wolf spider simulacrum's attack. x2
The wolf spider simulacrum completely misses you.
The wolf spider simulacrum bites you. The wolf spider simulacrum freezes you!
You resist.
Eat one of 13 chunks of flesh? (ye/n/q)
You eat one of the 13 chunks of flesh.
This raw flesh tastes terrible.
You are feeling hungry.
The wolf spider simulacrum hits you! The wolf spider simulacrum freezes you!
You resist. The wolf spider simulacrum bites you!
* * * LOW HITPOINT WARNING * * *
The wolf spider simulacrum freezes you! You resist.
* * * LOW HITPOINT WARNING * * *
The death yak simulacrum gores you.
* * * LOW HITPOINT WARNING * * *
The death yak simulacrum freezes you! You resist.
You die...

...##
#...#
##...
#...#
##...##
##.....##
#.Z.∩...#
#.ZZ....#
##@.∩..##
##...##
#####


You could see a wolf simulacrum, a death yak simulacrum and a wolf spider
simulacrum.

Vanquished Creatures
  A stone giant (Orc:1)
  Erica (D:10)
  A two-headed ogre (D:10)
  2 orc knights (Orc:1)
  2 rust devils
  2 rime drakes (Orc:1)
  A troll (D:10)
  A hippogriff (D:7)
  3 yaks (D:10)
  A wyvern (D:9)
  A hungry ghost (D:9)
  Edmund (D:4)
  3 wargs
  An ice beast (D:5)
  4 orc warriors
  A sky beast (D:8)
  A necrophage (D:10)
  7 ogres
  2 phantoms
  3 centaurs
  5 big kobolds
  6 bullfrogs
  A gnoll sergeant (D:6)
  2 scorpions
  13 wights
  7 killer bees
  An electric eel (D:8)
  3 howler monkeys
  A bullfrog zombie (D:8)
  A centaur skeleton (D:9)
  11 orc wizards
  5 hounds
  A jelly (D:8)
  3 bullfrog skeletons
  6 orc priests
  6 iguanas
  Natasha (thrice) (D:2)
  6 worker ants
  A wolf simulacrum (IceCv)
  A hound skeleton (D:7)
  Robin (D:4)
  4 gnolls (D:6)
  A howler monkey skeleton (D:8)
  15 adders
  A shadow imp (D:7)
  4 oozes
  3 adder skeletons
  2 adder zombies
  2 worms
  3 dart slugs (D:1)
  4 leopard geckos
  35 orcs
  9 giant cockroaches
  14 goblins
  12 hobgoblins
  12 jackals
  26 kobolds
  4 quokkas
  A ball python (D:7)
  5 bats
  4 frilled lizards
  A jackal skeleton (D:4)
  2 quokka zombies
  10 rats
297 creatures vanquished.

Notes
Turn   | Place    | Note
-------+----------+-------------------------------------------
     0 | D:1      | galech the Ogre Berserker began the quest for the Orb.
     0 | D:1      | Reached XP level 1. HP: 24/24 MP: 1/1
   172 | D:1      | Reached XP level 2. HP: 24/32 MP: 2/2
   569 | D:1      | Reached XP level 3. HP: 39/40 MP: 3/3
   939 | D:1      | Reached ** piety under Trog
  1179 | D:2      | Noticed an ogre
  1191 | D:2      | Killed an ogre
  1191 | D:2      | Reached skill level 5 in Fighting
  1191 | D:2      | Reached XP level 4. HP: 43/50 MP: 4/4
  1191 | D:2      | Reached XP level 5. HP: 48/57 MP: 5/5
  1443 | D:2      | Noticed Natasha
  1447 | D:2      | Killed Natasha
  1536 | D:2      | Noticed Natasha
  1553 | D:2      | Killed Natasha
  1694 | D:2      | Found a faded altar of an unknown god.
  2024 | D:2      | Noticed Natasha
  2032 | D:2      | Killed Natasha
  2032 | D:2      | Reached XP level 6. HP: 66/66 MP: 6/6
  2160 | D:3      | Reached skill level 5 in Maces & Flails
  2164 | D:3      | Reached skill level 1 in Stealth
  2699 | D:3      | Reached *** piety under Trog
  2967 | D:4      | Reached XP level 7. HP: 49/74 MP: 7/7
  3164 | D:4      | Noticed Robin
  3189 | D:4      | Killed Robin
  3260 | D:4      | Found a staircase to the Ecumenical Temple.
  3480 | D:4      | Reached skill level 6 in Fighting
  3616 | D:4      | Reached skill level 1 in Shields
  3691 | D:5      | Entered Level 5 of the Dungeon
  4108 | D:4      | Noticed Edmund
  4117 | D:4      | Killed Edmund
  4127 | D:4      | Reached XP level 8. HP: 37/84 MP: 8/8
  5518 | D:5      | Noticed a rust devil
  5518 | D:5      | Noticed a rust devil
  5700 | D:6      | Reached skill level 5 in Dodging
  5742 | D:6      | Reached **** piety under Trog
  5742 | D:6      | Reached skill level 7 in Fighting
  5857 | D:6      | Found a sacrificial altar of Ru.
  6118 | D:7      | Noticed a hippogriff
  6134 | D:7      | Killed a hippogriff
  6261 | D:6      | Reached XP level 9. HP: 79/93 MP: 9/9
  7252 | D:7      | Found an iron altar of Okawaru.
  7252 | D:7      | Found a sacrificial altar of Ru.
  7253 | D:7      | Found a deep blue altar of Sif Muna.
  7297 | D:7      | Found a hide-covered altar of Uskayaw.
  7404 | D:7      | Got a steaming rapier
  7626 | D:8      | Identified the +9 rapier of a bazaar {drain, rElec rN+} (You found it on level 7 of the Dungeon)
  8001 | D:8      | Reached skill level 8 in Fighting
  8001 | D:8      | Reached skill level 1 in Short Blades
  8001 | D:8      | Reached skill level 5 in Shields
  8319 | D:8      | Found a staircase to the Lair.
  8521 | D:8      | Reached ***** piety under Trog
  8583 | D:8      | Reached XP level 10. HP: 86/104 MP: 10/10
  9429 | D:9      | Received a gift from Trog
 10120 | D:6      | Killed a rust devil
 10186 | D:5      | Killed a rust devil
 10743 | D:10     | Entered Level 10 of the Dungeon
 10899 | D:10     | Noticed a two-headed ogre
 10906 | D:10     | Killed a two-headed ogre
 10906 | D:10     | Reached skill level 9 in Fighting
 10906 | D:10     | Reached skill level 5 in Short Blades
 10987 | D:10     | Reached XP level 11. HP: 72/115 MP: 11/11
 11244 | D:10     | Noticed Erica
 11259 | D:10     | Killed Erica
 11312 | D:10     | Received a gift from Trog
 12070 | D:11     | Found a sacrificial altar of Ru.
 12263 | D:11     | Found a basalt altar of Yredelemnul.
 12291 | D:11     | Found a portal to a secret trove of treasure.
 12513 | D:11     | Found a staircase to the Orcish Mines.
 12710 | Orc:1    | Entered Level 1 of the Orcish Mines
 12710 | Orc:1    | Noticed an orc knight
 12731 | Orc:1    | Killed an orc knight
 12754 | Orc:1    | Noticed a stone giant
 12758 | Orc:1    | Noticed an orc knight
 13079 | Orc:1    | Killed a stone giant
 13148 | Orc:1    | Killed an orc knight
 13194 | Orc:1    | Found a frozen archway.
 13218 | IceCv    | Entered an ice cave
 13224 | IceCv    | Slain by a death yak simulacrum

Vault maps used:
D:1:      dpeg_arrival_pond, kennysheep_pointless_box, solitary_fountain
D:2:      chequers_ecumenical_altar_simple_redux, uniq_natasha
D:3:      first_ration
D:4:      minmay_diamond_boxcup, minmay_temple_entry_overgrown, uniq_robin,
          uniq_edmund
D:5:      cheibrodos_iron_armory
D:6:      basic_altar
D:7:      nicolae_overflow_quartered_altars
D:8:      erik_lair_orcish_takeover, blue_anna_alchemist
D:10:     uniq_erica
D:11:     orc_0_dummy, nicolae_trove_entry_crystal, basic_altar,
          nicolae_ru_sacrificial_ziggurat
Orc:1:    portal_ice_cave_rime
IceCv:    ice_cave_small_necro

Skill      XL: |  1  2  3  4  5  6  7  8  9 10 11 |
---------------+----------------------------------+-----
Dodging        | 3 4 5 6 7 8 |  8.0
Maces & Flails | 3 4 5 7 |  7.8
Fighting       | 5 6 7 8 9 |  9.8
Stealth        | 1 2 3 |  3.6
Shields        | 2 3 5 6 8 |  8.0
Short Blades   | 2 5 7 |  7.0

Action                   |  1- 3 |  4- 6 |  7- 9 | 10-12 || total
-------------------------+-------+-------+-------+-------++-------
Melee: Mace              |   126 |   191 |   170 |       ||   487
       Flail             |       |       |   245 |       ||   245
       Rapier            |       |       |   101 |   397 ||   498
Invok: Berserk           |     1 |     4 |    11 |    10 ||    26
       Trog's Hand       |     1 |     2 |     3 |     6 ||    12
  Use: Potion            |       |       |     1 |       ||     1
       Scroll            |       |       |     8 |     5 ||    13
 Stab: Sleeping          |       |     1 |     4 |     4 ||     9
  Eat: Chunk             |     1 |    12 |    21 |    27 ||    61
       Ration            |       |       |     3 |     1 ||     4
Armor: Animal skin       |    41 |    44 |   100 |    44 ||   229
Dodge: Dodged            |    66 |   116 |   151 |   100 ||   433
Block: Large shield      |       |     5 |   401 |   312 ||   718

Table legend:
 A = Spawn XP
 B = Non-spawn XP
 C = Spawn XP percentage of total XP
 D = Spawn monster count
 E = Non-spawn monster count
 F = Spawn count percentage of total count
 G = Total turns spent on level
                    A         B        C        D         E        F      G
               +---------+---------+-------+---------+---------+-------+---------
         Total |       0 |   15851 |   0.0 |       0 |     297 |   0.0 | 13224
               +---------+---------+-------+---------+---------+-------+---------
           D:1 |       0 |      65 |   0.0 |       0 |      31 |   0.0 |  1148
           D:2 |       0 |     287 |   0.0 |       0 |      23 |   0.0 |   926
           D:3 |       0 |     222 |   0.0 |       0 |      29 |   0.0 |  1015
           D:4 |       0 |     729 |   0.0 |       0 |      29 |   0.0 |  1504
           D:5 |       0 |     922 |   0.0 |       0 |      11 |   0.0 |  1335
           D:6 |       0 |    1286 |   0.0 |       0 |      24 |   0.0 |  1371
           D:7 |       0 |     840 |   0.0 |       0 |      16 |   0.0 |  1148
           D:8 |       0 |    1823 |   0.0 |       0 |      44 |   0.0 |  1404
           D:9 |       0 |    1243 |   0.0 |       0 |      23 |   0.0 |   892
          D:10 |       0 |    4266 |   0.0 |       0 |      35 |   0.0 |  1279
          D:11 |       0 |     263 |   0.0 |       0 |      14 |   0.0 |  1026
         Orc:1 |       0 |    3877 |   0.0 |       0 |      17 |   0.0 |   170
         IceCv |       0 |      28 |   0.0 |       0 |       1 |   0.0 |     6
               +---------+---------+-------+---------+---------+-------+---------
